 Dungeon Crawl Stone Soup version 0.30.1-9-gdf580d7c3d (webtiles) character file.

Game seed: 2578603587299621915

104716 SSBBB the Warrior (level 15, -5/169 (204) HPs)
             Began as a Minotaur Berserker on Oct 16, 2023.
             Was a High Priest of Trog.
             Slain by bearlyready's ghost (17 damage)
             ... on level 1 of the Swamp.
             The game lasted 00:45:23 (34286 turns).

SSBBB the Warrior (Minotaur Berserker)             Turns: 34286, Time: 00:45:24

HP:   -5/169 (204)  AC: 27    Str: 29    XL:     15   Next: 92%
MP:   0/4           EV: 11    Int:  2    God:    Trog [*****.]
Gold: 1051          SH:  0    Dex:  6    Spells: 14/14 levels left

rFire   + . .        Z - +2 executioner's axe (antimagic)
rCold   + + .        (shield currently unavailable)
rNeg    + . .        Q - +4 plate armour
rPois   +            (helmet restricted)
rElec   .            I - scarf of Love and Death {rC+ rF+, rN+}
rCorr   .            P - +2 pair of gloves {infuse}
SInv    .            z - +1 pair of boots
Will    +....        Y - amulet "Ximotipt" {Acrobat Rampage rPois Dex-4 Stlth+} Stlth
                     h - ring of protection from cold
HPRegen 0.48/turn    N - ring of protection from fire
MPRegen 0.09/turn

%: acrobat, rampage
@: berserking (expiring), heavily drained, quick
A: horns 2, retaliatory headbutt, dopey 1, frail 1, heat vulnerability 1,
subdued magic 1
a: Renounce Religion, Berserk, Trog's Hand, Brothers in Arms


You were on level 1 of the Swamp.
You worshipped Trog.
Trog was extremely pleased with you.
You visited 4 branches of the dungeon, and saw 23 of its levels.
You also visited: Bailey.

You collected 6112 gold pieces.
You spent 5061 gold pieces at shops.

Inventory:

Hand Weapons
 Z - a +2 antimagic executioner's axe (weapon)
Missiles
 M - a throwing net (quivered)
Armour
 z - a +1 pair of boots (worn)
 I - the scarf of Love and Death (worn) {rC+ rF+, rN+}
   (You bought it in a shop on level 9 of the Dungeon)

   rN:        It protects you from negative energy.
 P - a +2 pair of gloves of infusion (worn)
 Q - a +4 plate armour (worn)
Jewellery
 h - a ring of protection from cold (left hand)
 B - a ring of willpower
 N - a ring of protection from fire (right hand)
 V - a ring of positive energy
 Y - the amulet "Ximotipt" (around neck) {Acrobat Rampage rPois Dex-4 Stlth+}
   (You bought it in a shop on level 2 of the Orcish Mines)

   [amulet of the acrobat]

   It increases your evasion while moving and waiting.
   Dex:       It affects your dexterity (-4).
   rPois:     It protects you from poison.
   Rampage:   It bestows one free step when moving towards enemies.
   Stlth:     It makes you more stealthy.
Wands
 a - a wand of charming (26)
 e - a wand of polymorph (9)
 p - a wand of roots (19)
 y - a wand of acid (22)
 A - a wand of mindburst (14)
 L - a wand of flame (21)
Scrolls
 c - a scroll of vulnerability
 f - 4 scrolls of poison
 i - 6 scrolls of fog
 j - 13 scrolls of teleportation
 n - 2 scrolls of magic mapping
 o - 11 scrolls of enchant armour
 q - 7 scrolls of blinking
 t - 3 scrolls of noise
 w - 2 scrolls of torment
 C - 2 scrolls of brand weapon
 G - 2 scrolls of butterflies
 H - 5 scrolls of fear
 K - 6 scrolls of enchant weapon
 O - 2 scrolls of immolation
 S - a scroll of silence
 T - 14 scrolls of identify
Potions
 b - 2 potions of invisibility
 d - 8 potions of mutation
 g - 7 potions of brilliance
 k - 4 potions of heal wounds
 l - 14 potions of curing
 m - 5 potions of lignification
 r - a potion of berserk rage {unknown}
 s - 2 potions of magic
 u - 6 potions of might
 v - a potion of haste
 x - 8 potions of degeneration
 D - 4 potions of resistance
 J - a potion of flight
 R - a potion of ambrosia
 U - 2 potions of attraction
Miscellaneous
 F - a lightning rod (4/4)
 W - a box of beasts
 X - a phial of floods


   Skills:
 + Level 19.0 Fighting
 + Level 18.5 Axes
 + Level 15.0 Armour
 + Level 13.8 Dodging
 + Level 11.3 Evocations


You had 14 spell levels left.
You didn't know any spells.
Your spell library was empty.

Dungeon Overview and Level Annotations

Branches:
Dungeon (15/15) Temple (0/1) D:5 Lair (5/5) D:10 Swamp (1/4) Lair:3 Snake (0/4) Lair:2 Slime (0/5) Lair:4 Orc (2/2) D:9 Elf (0/3) Orc:2 Vaults (0/5) D:12 D:13 Depths (0/4) D:15 Bailey (visited)

Altars:
Cheibriados
Dithmenos
Sif Muna
Trog
Jiyva

Shops:
D:9 *   D:10 *?   D:14 *   Orc:2 *(=?*

Portals:
Abyss: D:4

Annotations:
Swamp:1 ChrisDust's ghost, journeyman SpBr; bearlyready's ghost, adept GnRe


Innate Abilities, Weirdness & Mutations

You have a pair of horns on your head.
You reflexively headbutt those who attack you in melee.
You are dopey. (Int -2)
You are frail. (-10% HP)
You are vulnerable to heat. (rF-)
Your spells are a little easier to cast, but a little less powerful.


Message History

You kill the mana viper!
The mana viper disappears in a puff of smoke!
You slice the mana viper!!
You kill the mana viper!
The mana viper disappears in a puff of smoke!
You closely miss the mana viper.
The mana viper disappears in a puff of smoke!
The mana viper bites you but does no damage.
Your unstable footing causes you to fumble your attack.
Bearlyready's ghost hits you.
* * * LOW HITPOINT WARNING * * *
The mana viper splashes around in the water.
Unknown command.
Your unstable footing causes you to fumble your attack.
Bearlyready's ghost hits you but does no damage.
Unknown command.
Your unstable footing causes you to fumble your attack.
The mana viper bites you but does no damage.
Unknown command.
You miss bearlyready's ghost.
Your headbutt misses bearlyready's ghost.
Bearlyready's ghost is heavily damaged.
You cut the mana viper into ribbons!!!
The mana viper bites you but does no damage.
Bearlyready's ghost barely misses you. You furiously retaliate!
You headbutt bearlyready's ghost.
Your unstable footing causes you to fumble your attack.
The mana viper bites you but does no damage.
Unknown command.
Your unstable footing causes you to fumble your attack.
Bearlyready's ghost gestures wildly while chanting.
The mana viper splashes around in the water.
Unknown command.
You barely miss bearlyready's ghost.
Bearlyready's ghost is heavily damaged.
You slice the mana viper!!
You kill the mana viper!
The mana viper disappears in a puff of smoke!
Bearlyready's ghost hits you!
You die...

....♣♣♣♣♣~~~~~.~♣§.♣ ♣~~.♣
♣♣.~♣ .~~.~~....~~~~..>~~♣
♣♣..♣ ♣.~~
.~♣~.~~~.~~~~~§~.~.♣ ♣..♣
♣♣~♣
...~.~~~.♣~~~~~~.§.♣♣♣♣..♣
♣.♣
.~~~.~~♣.....~~♣...^♣♣.♣.♣
♣♣~♣
..♣♣.....~§~.~~~~~~.♣~..♣♣
♣.~.
#..♣♣♣♣....~~~.~~§~§.~.~.♣
♣♣.♣ ##.♣
♣♣♣♣.~.♣♣.~~~~.§.~♣♣ ♣.♣
.#.♣ ♣~~§~~.@WS~~~~.♣♣ ♣..
.>♣♣ ♣.~.~~~§...~..~.♣♣
♣.. .♣♣
♣~~.~~~~~.~~~~~§.♣♣ ♣.~
~.♣
♣.~.^~.~~.[~~.~...♣♣♣♣.~
.♣♣
♣.~<♣♣♣♣..~..~~♣~...♣♣.~
.♣ ♣~~~[♣
♣.♣~~~.~~~.♣....~ ~♣
♣~~.♣♣ ♣♣~.~~..~~~~♣..~.
♣♣ ♣♣...♣ ♣~~.~~~..~.~♣.~.
♣ ♣~~~♣♣ ♣♣..~~~.~§.~~..~


You could see a mana viper (summoned) and bearlyready's ghost (magic disrupted).

Vanquished Creatures
  Rupert (D:12)
  Roxanne (Swamp:1)
  Kirke (D:12)
  2 orc warlords
  The ghost of booth the Cleaver, a journeyman DsMo of Ashenzari (Swamp:1)
  Nessos (D:13)
  3 eleionomae (Swamp:1)
  4 bunyips (Swamp:1)
  A fire dragon (D:15)
  An ice dragon (D:15)
  7 hydras
  2 ogre magi
  Fannar (Lair:1)
  8 centaur warriors
  2 alligators (Swamp:1)
  4 boulder beetles
  15 two-headed ogres
  An orc high priest (Orc:2)
  Urug (D:12)
  Sonja (D:12)
  A skyshark (Lair:4)
  2 goliath frogs (Swamp:1)
  A deep elf pyromancer (D:14)
  Pikel (D:5)
  2 orc knights
  2 orc sorcerers
  12 ugly things
  A will-o-the-wisp (Swamp:1)
  12 cyclopes
  A salamander (Lair:2)
  2 manticores
  8 elephants
  3 black mambas (Lair:5)
  A torpor snail (Lair:5)
  3 gargoyles
  12 cane toads
  3 rime drakes
  2 kobold demonologists
  11 komodo dragons
  A freezing wraith (D:15)
  8 polar bears
  A bloated husk (Swamp:1)
  3 meliai (D:14)
  10 trolls
  2 tarantellas (shapeshifter)
  19 blink frogs
  7 hornets
  4 tyrant leeches
  A dream sheep (Lair:5)
  A shadow (D:10)
  A vampire (D:10)
  A wyvern (Lair:1)
  14 spriggans
  3 wraiths
  16 yaks
  2 basilisks
  5 hogs (D:12)
  The ghost of WaxSun the Poker, an amateur GnRe (D:4)
  15 humans
  2 steam dragons
  14 vampire mosquitoes
  3 swamp worms (Swamp:1)
  6 wargs
  18 water moccasins
  3 acid dragons
  An ice beast (D:8)
  2 sky beasts (D:7)
  56 orc warriors
  4 black bears
  32 centaurs
  9 ogres
  4 boggarts (Lair:5)
  23 wolves
  A lemure (D:5)
  2 phantoms (D:9)
  4 kobold brigands
  11 bullfrogs
  6 scorpions
  3 troll zombies (D:9)
  The ghost of CareLess the Trooper, a weakling DsFi (D:3)
  8 killer bees
  A howler monkey (D:5)
  The ghost of PersonalAccount02 the Conjurer, a weakling KoCj (D:3)
  3 lava snakes (Lair:2)
  3 hounds
  3 gnoll boudas
  14 orc priests
  3 jellies
  Ijyb (D:4)
  3 iguanas
  23 orc wizards
  3 sleepcaps
  3 small abominations (D:4)
  5 ogre zombies (D:9)
  7 adders
  18 gnolls
  A shadow imp (D:7)
  A white imp (D:7)
  An ufetubus (D:7)
  4 worms
  3 dart slugs
  120 orcs
  4 ball pythons
  9 bats
  8 endoplasms
  4 giant cockroaches
  29 goblins
  17 hobgoblins
  11 kobolds
  6 quokkas
  3 frilled lizards
  A goblin skeleton (D:9)
  4 goblin zombies (D:9)
  A hobgoblin skeleton (D:9)
  4 hobgoblin zombies (D:9)
  3 orc skeletons (D:9)
  12 orc zombies (D:9)
  7 rats
810 creatures vanquished.

Vanquished Creatures (others)
  2 bloated husks (Swamp:1)
  A human (D:13)
  A swamp worm (Swamp:1)
  4 foxfires (Swamp:1)
8 creatures vanquished.

Grand Total: 818 creatures vanquished

Notes
Turn   | Place    | Note
-------+----------+-------------------------------------------
     0 | D:1      | SSBBB the Minotaur Berserker began the quest for the Orb.
     0 | D:1      | Reached XP level 1. HP: 19/19 MP: 0/0
    91 | D:1      | Reached skill level 4 in Fighting
    91 | D:1      | Reached XP level 2. HP: 21/27 MP: 1/1
   189 | D:1      | Found a faded altar of an unknown god.
   674 | D:2      | Reached ** piety under Trog
   689 | D:2      | Reached XP level 3. HP: 33/34 MP: 2/2
  1093 | D:2      | Reached XP level 4. HP: 33/41 MP: 3/3
  1294 | D:3      | Reached skill level 5 in Fighting
  1294 | D:3      | Reached skill level 5 in Axes
  1296 | D:3      | Found a shadowy altar of Dithmenos.
  1331 | D:3      | Found a runed translucent gate.
  1357 | D:3      | Found a runed translucent gate.
  1360 | D:3      | Found a runed translucent gate.
  1361 | D:3      | Noticed CareLess's ghost (weakling DsFi)
  1361 | D:3      | Noticed PersonalAccount02's ghost (weakling KoCj)
  1402 | D:3      | Killed PersonalAccount02's ghost
  1403 | D:3      | Reached XP level 5. HP: 48/48 MP: 4/4
  1404 | D:3      | Killed CareLess's ghost
  1963 | D:4      | Identified a scroll of acquirement
  1964 | D:4      | Acquired a manual of Fighting
  2285 | D:4      | Noticed Ijyb
  2336 | D:4      | Killed Ijyb
  2470 | D:4      | Found Neuskor's Magic Scroll Shop.
  2498 | D:4      | Bought a scroll of identify for 20 gold pieces
  2498 | D:4      | Bought a scroll of identify for 20 gold pieces
  2498 | D:4      | Bought a scroll of poison for 40 gold pieces
  2498 | D:4      | Bought a scroll of poison for 40 gold pieces
  2498 | D:4      | Bought a scroll of identify for 20 gold pieces
  2514 | D:4      | Found a one-way gate to the infinite horrors of the Abyss.
  2514 | D:4      | Noticed WaxSun's ghost (amateur GnRe)
  2521 | D:4      | Noticed a small abomination
  2566 | D:4      | Found a transporter.
  2569 | D:4      | Found a transporter.
  2573 | D:4      | Noticed a small abomination
  2611 | D:4      | Reached XP level 6. HP: 40/57 MP: 5/5
  2642 | D:4      | Killed WaxSun's ghost
  2643 | D:4      | Reached skill level 6 in Fighting
  2643 | D:4      | Reached skill level 1 in Evocations
  2973 | D:4      | Reached XP level 7. HP: 40/64 MP: 6/6
  3739 | D:5      | Entered Level 5 of the Dungeon
  3742 | D:5      | Found Kowkal's Distillery.
  3807 | D:5      | Reached skill level 7 in Fighting
  4132 | D:5      | Reached *** piety under Trog
  4133 | D:5      | Reached skill level 5 in Armour
  4294 | D:5      | Noticed Pikel
  4301 | D:5      | Killed Pikel
  4302 | D:5      | Reached skill level 8 in Fighting
  4302 | D:5      | Reached skill level 5 in Dodging
  4302 | D:5      | Reached XP level 8. HP: 68/75 MP: 7/7
  4909 | D:5      | Found a staircase to the Ecumenical Temple.
  5079 | D:6      | Reached skill level 9 in Fighting
  5727 | D:6      | Found a shimmering blue altar of Sif Muna.
  5727 | D:6      | Found a snail-covered altar of Cheibriados.
  5866 | D:7      | Reached XP level 9. HP: 83/84 MP: 8/8
  6162 | D:7      | Reached skill level 10 in Fighting
  6552 | D:7      | Paralysed by a hornet for 2 turns
  7097 | D:8      | Reached **** piety under Trog
  7116 | D:8      | Found a flagged portal.
  7127 | Bailey   | Entered a bailey
  7282 | Bailey   | Reached skill level 11 in Fighting
  7415 | Bailey   | Reached skill level 5 in Evocations
  7415 | Bailey   | Reached XP level 10. HP: 95/95 MP: 9/9
  7506 | Bailey   | Reached skill level 10 in Axes
  7536 | Bailey   | Reached ***** piety under Trog
  7657 | Bailey   | Noticed an orc warlord
  7676 | Bailey   | Killed an orc warlord
  7863 | Bailey   | Acquired 1043 gold pieces
  8152 | D:8      | Reached skill level 12 in Fighting
  8654 | D:9      | Found Paikac's Assorted Antiques.
  8674 | D:9      | Bought a fizzy coppery potion for 22 gold pieces
  8674 | D:9      | Bought a scroll of butterflies for 100 gold pieces
  8674 | D:9      | Bought a scroll of identify for 50 gold pieces
  8674 | D:9      | Bought a scroll of identify for 50 gold pieces
  8674 | D:9      | Bought a dark potion for 22 gold pieces
  8674 | D:9      | Bought a polished scarf for 250 gold pieces
  8674 | D:9      | Identified the scarf of Love and Death {rC+ rF+, rN+} (You
                  | bought it in a shop on level 9 of the Dungeon)
  8674 | D:9      | Bought a potion of heal wounds for 125 gold pieces
  8674 | D:9      | Bought a fuming inky potion for 22 gold pieces
  8885 | D:4      | Bought a scroll of enchant armour for 75 gold pieces
  8885 | D:4      | Bought a scroll of enchant weapon for 75 gold pieces
  8885 | D:4      | Bought a scroll of blinking for 75 gold pieces
  8995 | D:9      | Found a staircase to the Orcish Mines.
 10025 | D:10     | Entered Level 10 of the Dungeon
 10034 | D:10     | Found Puukkuc's Demolitions Depot.
 10069 | D:10     | Found a staircase to the Lair.
 10104 | D:10     | Reached XP level 11. HP: 58/105 MP: 10/10
 10469 | D:10     | You fall into a shaft and drop 2 floors!
 10503 | D:11     | Reached skill level 13 in Fighting
 10679 | D:11     | Received a gift from Trog
 11044 | D:10     | Found Gubokleipt's Magic Scroll Shoppe.
 11052 | D:10     | Bought a scroll of teleportation for 39 gold pieces
 11052 | D:10     | Bought a scroll of teleportation for 39 gold pieces
 11052 | D:10     | Bought a scroll of acquirement for 676 gold pieces
 11052 | D:10     | Bought a scroll of immolation for 52 gold pieces
 11052 | D:10     | Bought a scroll of identify for 26 gold pieces
 11052 | D:10     | Acquired a +2 pair of gloves of infusion
 11140 | D:10     | Reached ****** piety under Trog
 11611 | D:10     | Bought a wand of roots (1) for 38 gold pieces
 11649 | Lair:1   | Entered Level 1 of the Lair of Beasts
 12029 | Lair:1   | Noticed Fannar
 12043 | Lair:1   | Killed Fannar
 12194 | Lair:1   | Reached skill level 14 in Fighting
 12194 | Lair:1   | Reached skill level 10 in Armour
 12766 | Lair:2   | Reached XP level 12. HP: 117/117 MP: 7/11
 13315 | Lair:2   | Found a staircase to the Snake Pit.
 14061 | Lair:3   | Noticed a boulder beetle
 14083 | Lair:3   | Killed a boulder beetle
 14150 | Lair:3   | Noticed a seven-headed hydra
 14165 | Lair:3   | Killed an 11-headed hydra
 14375 | Lair:3   | Found a staircase to the Swamp.
 14383 | Lair:3   | Reached skill level 15 in Fighting
 14456 | Lair:3   | Reached skill level 10 in Dodging
 15198 | Lair:3   | Acquired 814 gold pieces
 15249 | Lair:4   | Noticed an eight-headed hydra
 15260 | Lair:4   | Killed a 14-headed hydra
 15684 | Lair:4   | Reached skill level 15 in Axes
 16015 | Lair:4   | Reached XP level 13. HP: 128/128 MP: 10/12
 16244 | Lair:4   | Found a viscous altar of Jiyva.
 16244 | Lair:4   | Found a staircase to the Slime Pits.
 16866 | Lair:5   | Entered Level 5 of the Lair of Beasts
 16889 | Lair:5   | Received a gift from Trog
 16905 | Lair:5   | Reached skill level 16 in Fighting
 19359 | Lair:5   | Reached skill level 17 in Fighting
 19395 | Lair:5   | Identified the +3 war axe "Yzac" {flame, rElec rC+ rCorr}
                  | (Trog gifted it to you on level 5 of the Lair of Beasts)
 19395 | Lair:5   | Received a gift from Trog
 19672 | Lair:5   | Identified the +0 pair of gloves of the Four Tales {Regen+}
 19964 | D:10     | Bought a wand of acid (3) for 201 gold pieces
 19964 | D:10     | Bought a phial of floods for 640 gold pieces
 20942 | D:12     | Identified the +3 ring mail of Zuseigix {Int+4 Slay+3}
 21169 | D:12     | Reached XP level 14. HP: 124/140 MP: 10/13
 21215 | D:12     | Found a bloodstained altar of Trog.
 21215 | D:12     | Noticed Sonja
 21219 | D:12     | Killed Sonja
 21556 | D:12     | Noticed Kirke
 21568 | D:12     | Killed Kirke
 22360 | D:13     | Noticed Rupert
 22360 | D:13     | Noticed Nessos
 22360 | D:13     | Noticed Urug
 22360 | D:13     | Found a gate to the Vaults.
 22556 | D:12     | Killed Urug
 22841 | D:12     | Killed Rupert
 23100 | D:13     | Killed Nessos
 23197 | D:13     | Received a gift from Trog
 23877 | D:13     | Reached skill level 10 in Evocations
 24771 | D:14     | Reached skill level 18 in Fighting
 25712 | D:14     | Found Jufuf's Assorted Antiques.
 25748 | D:14     | Bought a potion of heal wounds for 130 gold pieces
 25748 | D:14     | Bought a scroll of poison for 104 gold pieces
 25748 | D:14     | Bought a scroll of enchant weapon for 195 gold pieces
 25794 | D:14     | Reached XP level 15. HP: 70/149 MP: 0/14
 26076 | D:14     | Received a gift from Trog
 26741 | D:15     | Entered Level 15 of the Dungeon
 27547 | D:15     | Found a staircase to the Depths.
 28038 | D:15     | Paralysed by an ogre mage for 3 turns
 28179 | Orc:1    | Entered Level 1 of the Orcish Mines
 29017 | Orc:2    | Entered Level 2 of the Orcish Mines
 29017 | Orc:2    | Found Coschuby's General Store.
 29023 | Orc:2    | Bought a scroll of enchant weapon for 97 gold pieces
 29023 | Orc:2    | Bought a scroll of identify for 26 gold pieces
 29023 | Orc:2    | Bought a scroll of blinking for 97 gold pieces
 29023 | Orc:2    | Bought a scroll of silence for 123 gold pieces
 29242 | Orc:2    | Received a gift from Trog
 29321 | Orc:2    | Found a staircase to the Elven Halls.
 29334 | Orc:2    | Found Qurutyzy's Magic Scroll Emporium.
 29876 | Orc:2    | Found a runed translucent door.
 30107 | Orc:2    | Found Puhetyta's Jewellery Boutique.
 30107 | Orc:2    | Found Bureoge's Weapon Shoppe.
 30109 | Orc:2    | Found Medyuxka's Assorted Antiques.
 30111 | Orc:2    | Found Wuhibil's Magic Scroll Shop.
 30115 | Orc:2    | Bought the amulet "Ximotipt" {Acrobat Rampage rPois Dex-4
                  | Stlth+} for 534 gold pieces
 30130 | Orc:2    | Bought a potion of attraction for 78 gold pieces
 30130 | Orc:2    | Bought a wand of flame (6) for 109 gold pieces
 30135 | Orc:2    | Bought a scroll of acquirement for 676 gold pieces
 30135 | Orc:2    | Acquired 992 gold pieces
 30137 | Orc:2    | Bought a scroll of identify for 26 gold pieces
 30137 | Orc:2    | Bought a scroll of enchant weapon for 97 gold pieces
 30137 | Orc:2    | Bought a scroll of fog for 52 gold pieces
 30484 | Swamp:1  | Entered Level 1 of the Swamp
 31078 | Swamp:1  | Gained mutation: You are dopey. (Int -2) [mutagenic glow]
 31084 | Lair:3   | Gained mutation: You are frail. (-10% HP) [mutagenic glow]
 31093 | Lair:3   | Gained mutation: You are vulnerable to heat. (rF-)
                  | [mutagenic glow]
 31122 | Lair:3   | Gained mutation: Your spells are a little easier to cast,
                  | but a little less powerful. [mutagenic glow]
 32598 | Swamp:1  | Found a runed translucent gate.
 32609 | Swamp:1  | Received a gift from Trog
 32675 | Swamp:1  | Found a runed translucent gate.
 32675 | Swamp:1  | Noticed ChrisDust's ghost (journeyman SpBr)
 32676 | Swamp:1  | Noticed bearlyready's ghost (adept GnRe)
 32676 | Swamp:1  | Found a runed translucent gate.
 32676 | Swamp:1  | Noticed booth's ghost (journeyman DsMo)
 32723 | Swamp:1  | Identified the +3 arbalest "Arbiter" {elec, Contam rPois
                  | rCorr}
 32808 | Swamp:1  | Noticed Roxanne
 33049 | Swamp:1  | Killed Roxanne
 33050 | Swamp:1  | Reached skill level 19 in Fighting
 33838 | Swamp:1  | Killed booth's ghost
 33839 | Swamp:1  | Reached skill level 15 in Armour
 34286 | Swamp:1  | Slain by bearlyready's ghost

Illustrated notes

Levels and vault maps discovered:
D:1:      lightli_arrival_chessboard, layout_basic,
          dreamdust_ecumenical_altar_statues
D:2:      layout_rooms, minmay_circled_x
D:3:      layout_loops_ring, grunt_dithmenos_smoke, gammafunk_ghost_cemetery
D:4:      layout_loops_cross, gammafunk_ghost_abyssal_escape, serial_shops,
          shop, uniq_ijyb
D:5:      layout_basic, minmay_temple_entry_fiery, serial_shops, shop,
          minmay_crystal_water, st_stairs_12, uniq_pikel
D:6:      layout_cave_pools, gammafunk_temple_overflow_statue
D:7:      layout_basic, minmay_fractal_squares_gapless_5
D:8:      layout_basic, enter_bailey_4
D:9:      layout_grid_maze, zombieorc2_lemuel, serial_shops, nicolae_shop_stone
D:10:     layout_small_grid, erik_lair_orcish_takeover, serial_shops, shop,
          special_room [special_room_orc], nicolae_blasting_shop
D:11:     layout_gridville
D:12:     layout_cave_pods, trog_butcher_becter, uniq_sonja, uniq_kirke
D:13:     layout_stronghold, david_vaults_3, nicolae_fountain_basement
D:14:     layout_cave_pools, serial_shops, nicolae_shop_rolling_square
D:15:     grunt_enter_depths_hoard, layout_basic, wad_floor_pattern_1,
          st_stairs_4
Lair:1:   layout_hall_layers, uniq_fannar
Lair:2:   layout_regular_city, nicolae_snake_entry_warm_welcome, minivault_27
Lair:3:   layout_cave_shapes, minmay_swamp_entry_swarm, st_stairs_9,
          grunt_megastairs_4
Lair:4:   layout_roguey, dpeg_slime_entry_enclosed
Lair:5:   minmay_lair_end_enchanted_forest, layout_cave_pods
Swamp:1:  layout_falls_marsh, gammafunk_ghost_cemetery,
          evilmike_swamp_ruin_house_4, uniq_roxanne
Orc:1:    layout_caves
Orc:2:    st_orc_rangers, layout_caves, serial_shops, shop, shop,
          lightli_church_of_beogh

Skill      XL: |  1  2  3  4  5  6  7  8  9 10 11 12 13 14 15 |
---------------+----------------------------------------------+-----
Fighting       | 4 5 6 8 9 11 12 14 15 17 18 19 | 19.0
Axes           | 4 5 6 7 8 9 11 13 15 16 17 18 | 18.5
Armour         | 3 4 5 6 7 8 10 11 12 13 15 | 15.0
Dodging        | 3 4 5 7 8 9 10 11 12 13 | 13.8
Evocations     | 1 3 5 6 7 8 9 10 11 | 11.3

Action                     |  1- 3 |  4- 6 |  7- 9 | 10-12 | 13-15 || total
---------------------------+-------+-------+-------+-------+-------++-------
  Melee: Hand axe          |    81 |   103 |    14 |       |       ||   198
         Headbutt          |    11 |    15 |    42 |   102 |   196 ||   366
         Unarmed           |       |     9 |       |       |       ||     9
         Punch             |       |     1 |     3 |     4 |       ||     8
         War axe           |       |       |   275 |    33 |       ||   308
         Broad axe         |       |       |       |   470 |    52 ||   522
         Executioner's axe |       |       |       |       |   881 ||   881
 Invoke: Berserk           |     1 |     2 |     2 |     3 |    17 ||    25
         Trog's Hand       |       |     1 |       |     2 |     4 ||     7
  Evoke: Wand              |       |       |       |     4 |     4 ||     8
    Use: Scroll            |       |    13 |     6 |     9 |     9 ||    37
         Potion            |       |       |       |     1 |     2 ||     3
   Stab: Sleeping          |     1 |       |       |       |       ||     1
         Petrified         |       |       |       |       |     2 ||     2
 Armour: Animal skin       |     6 |       |       |       |       ||     6
         Leather armour    |     8 |       |       |       |       ||     8
         Ring mail         |     7 |     4 |    68 |       |       ||    79
         Scale mail        |       |    13 |     3 |       |       ||    16
         Skin              |       |    10 |       |       |       ||    10
         Chain mail        |       |       |    50 |       |       ||    50
         Plate armour      |       |       |     7 |   296 |   802 ||  1105
  Dodge: Dodged            |    47 |    42 |   149 |   246 |   649 ||  1133
  Block: Other             |       |       |    45 |   123 |   233 ||   401
         Reflection        |       |       |     1 |     2 |    47 ||    50
